 Dungeon Crawl Stone Soup version 0.28-a0-983-g1de4e0787c (webtiles) character file.

Game seed: 60775538275625364

525 Crownlay the Chiller (level 7, -5/51 HPs)
             Began as a Gnoll Ice Elementalist on Dec 2, 2021.
             Slain by a phantom (8 damage)
             ... on level 5 of the Dungeon.
             The game lasted 00:06:02 (6720 turns).

Crownlay the Chiller (Gnoll Ice Elementalist)       Turns: 6720, Time: 00:06:02

Health: -5/51      AC:  3    Str:  7    XL:     7   Next: 23%
Magic:  14/15      EV: 13    Int: 17    God:
Gold:   193        SH:  0    Dex: 12    Spells: 10/17 levels left

rFire   + . .      SeeInvis +   p - +2 dagger (venom)
rCold   + . .      Faith    .   (no shield)
rNeg    . . .      Spirit   .   a - +0 robe
rPois   +          Reflect  .   n - +0 helmet
rElec   +          Harm     .   s - scarf {shadows}
rCorr   +          Rampage  .   (no gloves)
Will    .....                   (no boots)
Stlth   +++.......              (no amulet)
HPRegen 0.17/turn               e - ring of flight
MPRegen 0.14/turn               k - ring of see invisible

@: resistant, flying
A: fangs 1, strong nose, distributed training
a: no special abilities


You were on level 5 of the Dungeon.
You visited 2 branches of the dungeon, and saw 6 of its levels.

You collected 193 gold pieces.

Inventory:

Hand Weapons
 p - a +2 dagger of venom (weapon)
Armour
 a - a +0 robe (worn)
 n - a +0 helmet (worn)
 q - a scarf of invisibility
 s - a scarf of shadows (worn)
Jewellery
 e - a ring of flight (left hand)
 k - a ring of see invisible (right hand)
Scrolls
 f - 3 scrolls of identify
 g - 2 scrolls of immolation
 h - 2 scrolls of summoning {unknown}
 i - a scroll of acquirement {unknown}
 j - a scroll of enchant armour {unknown}
 r - a scroll of fog {unknown}
Potions
 b - a potion of curing {unknown}
 c - 3 potions of flight
 l - a potion of resistance
 m - a potion of magic
 o - a potion of cancellation {unknown}


   Skills:
 + Level 2.3 Fighting
 + Level 2.3 Short Blades
 + Level 2.3 Long Blades
 + Level 2.3 Axes
 + Level 2.3 Maces & Flails
 + Level 2.3 Polearms
 + Level 2.3 Staves
 + Level 2.3 Slings
 + Level 2.3 Bows
 + Level 2.3 Crossbows
 + Level 2.3 Throwing
 + Level 2.3 Armour
 + Level 5.2 Dodging
 + Level 4.8 Stealth
 + Level 2.3 Shields
 + Level 2.3 Unarmed Combat
 + Level 5.5 Spellcasting
 + Level 1.9 Conjurations
 + Level 1.9 Hexes
 + Level 1.9 Summonings
 + Level 1.9 Necromancy
 + Level 1.9 Translocations
 + Level 1.9 Transmutations
 + Level 1.9 Fire Magic
 + Level 7.4 Ice Magic
 + Level 1.9 Air Magic
 + Level 1.9 Earth Magic
 + Level 1.9 Poison Magic
 + Level 2.6 Invocations
 + Level 2.3 Evocations


You had 10 spell levels left.
You knew the following spells:

 Your Spells              Type           Power      Damage    Failure   Level
a - Freeze                Ice            100%       1d11      1%          1
b - Frozen Ramparts       Ice            58%        1d7       1%          3
c - Ozocubu's Armour      Ice            29%        N/A       1%          3

Your spell library contained the following spells:

 Spells                   Type           Power      Damage    Failure   Level
 Sandblast                Erth           22%        2d7       6%          1
 Passwall                 Tmut/Erth      9%         N/A       10%         2
 Stone Arrow              Conj/Erth      22%        3d8       19%         3
 Hailstorm                Conj/Ice       20%        3d6       21%         4


Dungeon Overview and Level Annotations

Branches:
Dungeon (5/15)             Temple (1/1) D:5

Altars:
Ashenzari
Cheibriados
Elyvilon
Fedhas
Gozag
Kikubaaqudgha
Makhleb
Nemelex Xobeh
Okawaru
Qazlal
Ru
Trog
Vehumet
Wu Jian
Xom
Yredelemnul
Zin
The Shining One
Beogh

Annotations:
D:4 3 runed translucent doors, t4s4d4r's ghost, amateur OpTm


Innate Abilities, Weirdness & Mutations

You have very sharp teeth.
Your uncanny sense of smell can sniff out nearby items.
Your experience applies equally to all skills.


Message History

The phantom blinks!
You blink.
You closely miss the phantom.
The phantom is severely damaged.
The phantom hits you.
* * * LOW HITPOINT WARNING * * *
The phantom blinks!
You blink.
It was a potion of magic.
Magic courses through your body. The phantom misses you.
Casting: Ozocubu's Armour (safe; 1% risk of failure)
Confirm with . or Enter, or press ? or * to list all spells.
Casting: Frozen Ramparts (safe; 1% risk of failure)
Press: ? - help, Dir - look around, f - activate
Okay, then.
Casting: Frozen Ramparts (safe; 1% risk of failure)
Confirm with . or Enter, or press ? or * to list all spells.
Aiming: Freeze (safe; 1% risk of failure)
Press: ? - help, Shift-Dir - straight line, f/p - phantom
Aim: a phantom (severely damaged)
You freeze the phantom but do no damage.
The phantom completely resists.
The phantom hits you but does no damage.
You hit the phantom but do no damage.
The phantom is severely damaged.
The phantom hits you.
* * * LOW HITPOINT WARNING * * *
You closely miss the phantom. You bite the phantom, but do no damage.
The phantom is severely damaged.
You hit the phantom but do no damage.
The phantom is severely damaged.
The phantom hits you but does no damage.
You barely miss the phantom.
The phantom is severely damaged.
The phantom completely misses you.
You hit the phantom.
The phantom is almost destroyed.
The phantom hits you but does no damage.
You hit the phantom but do no damage.
The phantom is almost destroyed.
The phantom hits you!
You die...

#.....#................#.......
#.###.######.......##.#####....
#.# #...# #.......##.# #####
#.###.#.# #.......##.# #
#.....#.# ##########.## #
#######.#############..# #
#.#...........##.# #
#.#.(.........##.# ######
#######.#....W@.###.##.###.....
#.......#.........#............
#.#####'####....#....#.###.....
#.##.......#....###.##.# ######
#.##.......#........##.# #
#..#...#...###......##.# #
#.##..###..#...#######.# #
#..#..(#†..###§# #.# #
#.##.......###§#######.#


You could see a phantom.

Vanquished Creatures
  A necrophage (D:4)
  A centaur zombie (D:4)
  A crimson imp (D:4)
  2 bullfrog skeletons
  An orc priest (D:5)
  A hound (D:5)
  2 iguanas
  2 scorpion zombies (D:4)
  2 hound zombies (D:4)
  3 adders
  An adder skeleton (D:4)
  A worm (D:3)
  2 dart slugs
  7 orcs
  8 bats
  10 endoplasms
  2 giant cockroaches
  8 goblins
  9 hobgoblins
  3 quokkas
  8 ball pythons
  3 frilled lizards
  11 kobolds
  7 rats
96 creatures vanquished.

Notes
Turn   | Place    | Note
-------+----------+-------------------------------------------
     0 | D:1      | Crownlay the Gnoll Ice Elementalist began the quest for the
                  | Orb.
     0 | D:1      | Reached XP level 1. HP: 13/13 MP: 6/6
   229 | D:1      | Reached XP level 2. HP: 19/19 MP: 7/7
  1000 | D:1      | Reached XP level 3. HP: 25/25 MP: 9/9
  1025 | D:1      | Reached skill level 5 in Spellcasting
  1416 | D:1      | Reached skill level 1 in Invocations
  1835 | D:2      | Noticed a scorpion
  2383 | D:2      | Reached skill level 1 in Fighting
  2383 | D:2      | Reached skill level 1 in Short Blades
  2383 | D:2      | Reached skill level 1 in Long Blades
  2383 | D:2      | Reached skill level 1 in Axes
  2383 | D:2      | Reached skill level 1 in Maces & Flails
  2383 | D:2      | Reached skill level 1 in Polearms
  2383 | D:2      | Reached skill level 1 in Staves
  2383 | D:2      | Reached skill level 1 in Slings
  2383 | D:2      | Reached skill level 1 in Bows
  2383 | D:2      | Reached skill level 1 in Crossbows
  2383 | D:2      | Reached skill level 1 in Throwing
  2383 | D:2      | Reached skill level 1 in Armour
  2383 | D:2      | Reached skill level 1 in Shields
  2383 | D:2      | Reached skill level 1 in Unarmed Combat
  2383 | D:2      | Reached skill level 1 in Evocations
  2643 | D:2      | Reached XP level 4. HP: 32/32 MP: 11/11
  3274 | D:3      | Reached skill level 1 in Conjurations
  3274 | D:3      | Reached skill level 1 in Hexes
  3274 | D:3      | Reached skill level 1 in Summonings
  3274 | D:3      | Reached skill level 1 in Necromancy
  3274 | D:3      | Reached skill level 1 in Translocations
  3274 | D:3      | Reached skill level 1 in Transmutations
  3274 | D:3      | Reached skill level 1 in Fire Magic
  3274 | D:3      | Reached skill level 1 in Air Magic
  3274 | D:3      | Reached skill level 1 in Earth Magic
  3274 | D:3      | Reached skill level 1 in Poison Magic
  3622 | D:3      | Found a snail-covered altar of Cheibriados.
  3652 | D:3      | Learned a level 3 spell: Frozen Ramparts
  3656 | D:3      | Learned a level 3 spell: Ozocubu's Armour
  4399 | D:4      | Reached XP level 5. HP: 21/37 MP: 12/12
  4674 | D:4      | Noticed a necrophage
  4694 | D:4      | Killed a necrophage
  4698 | D:4      | Reached XP level 6. HP: 37/44 MP: 5/13
  4955 | D:4      | Found a basalt altar of Yredelemnul.
  4981 | D:4      | Reached skill level 5 in Dodging
  5786 | D:4      | Found a runed translucent gate.
  5786 | D:4      | Found a runed translucent gate.
  5786 | D:4      | Identified the +6 short sword "Hellblazer" {antimagic,
                  | Str+7}
  5786 | D:4      | Identified the +1 chain mail of Noedad {rF+}
  5787 | D:4      | Found a runed translucent gate.
  5788 | D:4      | Noticed t4s4d4r's ghost (amateur OpTm)
  5848 | D:4      | Found a burning altar of Makhleb.
  5967 | D:4      | Found a shimmering altar of Xom.
  6041 | D:5      | Entered Level 5 of the Dungeon
  6063 | D:5      | Reached XP level 7. HP: 34/50 MP: 8/15
  6217 | D:5      | Found a staircase to the Ecumenical Temple.
  6234 | Temple   | Entered the Ecumenical Temple
  6697 | D:5      | HP: 1/51 [phantom (4)]
  6712 | D:5      | HP: 2/51 [phantom (3)]
  6720 | D:5      | Slain by a phantom

Illustrated notes

Levels and vault maps discovered:
D:1:      lightli_iron_boxes, layout_basic
D:2:      layout_loops_corners, minmay_misc_feat_roman, amethyst_killhole,
          lightli_corner_chamber
D:3:      minmay_angry_zag, layout_basic, cheibrodos_worm_habitat
D:4:      layout_loops_ring, nicolae_yredelemnul_corpse_copse,
          grunt_temple_overflow_champion_of_chaos, biasface_ghost_orc_armoury,
          grunt_decor_arrowhead, hangedman_abyss_or_decor_stagger
D:5:      layout_loops_cross, minmay_temple_entry_overgrown,
          grunt_decor_mini_mirrors, kennysheep_generic_room_8
Temple:   eino_narrow_crystal_temple

Skill      XL: |  1  2  3  4  5  6 |
---------------+-------------------+-----
Spellcasting   | 5 |  5.5
Invocations    | 1 2 |  2.6
Fighting       | 1 2 |  2.3
Short Blades   | 1 2 |  2.3
Long Blades    | 1 2 |  2.3
Axes           | 1 2 |  2.3
Maces & Flails | 1 2 |  2.3
Polearms       | 1 2 |  2.3
Staves         | 1 2 |  2.3
Slings         | 1 2 |  2.3
Bows           | 1 2 |  2.3
Crossbows      | 1 2 |  2.3
Throwing       | 1 2 |  2.3
Armour         | 1 2 |  2.3
Shields        | 1 2 |  2.3
Unarmed Combat | 1 2 |  2.3
Evocations     | 1 2 |  2.3
Conjurations   | 1 |  1.9
Hexes          | 1 |  1.9
Summonings     | 1 |  1.9
Necromancy     | 1 |  1.9
Translocations | 1 |  1.9
Transmutations | 1 |  1.9
Fire Magic     | 1 |  1.9
Air Magic      | 1 |  1.9
Earth Magic    | 1 |  1.9
Poison Magic   | 1 |  1.9
Dodging        | 5 |  5.2
Stealth        | |  4.8
Ice Magic      | |  7.4

Action                   |  1- 3 |  4- 6 |  7- 9 || total
-------------------------+-------+-------+-------++-------
Melee: Short sword       |    83 |       |       ||    83
       Unarmed           |     2 |       |       ||     2
       Bite              |     8 |    16 |     7 ||    31
       Dagger            |    13 |   208 |    55 ||   276
       Punch             |       |     1 |       ||     1
 Cast: Freeze            |     9 |       |     2 ||    11
       Frozen Ramparts   |       |     7 |     2 ||     9
       Ozocubu's Armour  |       |     3 |     3 ||     6
  Use: Scroll            |       |     2 |       ||     2
       Potion            |       |       |     4 ||     4
 Stab: Sleeping          |     9 |     6 |       ||    15
Armor: Robe              |    17 |    66 |    11 ||    94
Dodge: Dodged            |    59 |   168 |    29 ||   256

Table legend: (Time is in decaauts)
 A = Elapsed time spent in this place.
 B = Non-inter-level travel time spent in this place.
 C = Inter-level travel time spent in this place.
 D = Time resting spent in this place.
 E = Time spent auto-exploring this place.
 F = Levels seen in this place.
 G = Mean time per level.
                   A        B        C        D        E       F      G
               +--------+--------+--------+--------+--------+-----+--------+
         Total |   6700 |   6438 |    262 |      0 |   5595 |   6 | 1116.7 |
       Dungeon |   6518 |   6270 |    248 |      0 |   5434 |   5 | 1303.6 |
        Temple |    181 |    167 |     14 |      0 |    161 |   1 |  181.0 |
               +--------+--------+--------+--------+--------+-----+--------+

Top non-repeatable levels by time:
     D:4: 1705 daAuts
     D:1: 1558 daAuts
     D:3: 1433 daAuts
     D:2: 1331 daAuts
     D:5: 490 daAuts
  Temple: 181 daAuts
